 Dungeon Crawl Stone Soup version 0.28.0 (webtiles) character file.

Game seed: 8383608481347003845

76 funkygono the Firebug (level 4, -3/24 HPs)
             Began as a Gargoyle Fire Elementalist on Feb 10, 2022.
             Slain by Terence (8 damage)
             ... on level 3 of the Dungeon.
             The game lasted 00:03:53 (2916 turns).

funkygono the Firebug (Gargoyle Fire Elementalist)  Turns: 2916, Time: 00:03:54

Health: -3/24      AC:  5    Str: 11    XL:     4   Next: 32%
Magic:  0/8        EV: 12    Int: 18    God:
Gold:   155        SH:  0    Dex: 10    Spells: 2/8 levels left

rFire   . . .      SeeInvis .   k - +0 eveningstar
rCold   + . .      Faith    .   (no shield)
rNeg    + . .      Spirit   .   a - +0 robe
rPois   ∞          Reflect  .   (no helmet)
rElec   +          Harm     .   (no cloak)
rCorr   .          Rampage  .   (no gloves)
Will    .....                   (no boots)
Stlth   ++........              (no amulet)
HPRegen 0.08/turn               j - ring of protection from cold
MPRegen 0.11/turn               (no ring)

@: no status effects
A: sickness immunity, AC +3, negative energy resistance 1, electricity
resistance, torment resistance 1, petrification resistance
a: no special abilities


You were on level 3 of the Dungeon.
You visited 1 branch of the dungeon, and saw 3 of its levels.

You collected 155 gold pieces.

Inventory:

Hand Weapons
 e - a +0 quarterstaff
 k - a +0 eveningstar (weapon)
 m - the +1 dagger "Inotah" {spect, Int+3}
   (You found it on level 2 of the Dungeon)

   When its wielder attacks, the weapon's spirit leaps out and strikes again.
   The spirit shares a part of any damage it takes with its wielder.
   Int:       It affects your intelligence (+3).
Missiles
 g - 23 stones
Armour
 a - a +0 robe (worn)
Magical Staves
 d - a staff of poison
Jewellery
 h - an amulet of guardian spirit
 j - a ring of protection from cold (left hand)
Scrolls
 b - a scroll of torment {unknown}
 c - 2 scrolls of identify {unknown}
 n - a scroll of immolation {unknown}
Potions
 f - a potion of curing {unknown}
 i - 2 potions of heal wounds {unknown}
 l - 2 potions of degeneration {unknown}


   Skills:
 + Level 1.7 Dodging
 - Level 2.1 Stealth
 * Level 2.7 Spellcasting
 * Level 2.4 Conjurations
 * Level 3.9 Fire Magic


You had 2 spell levels left.
You knew the following spells:

 Your Spells              Type           Power      Damage    Failure   Level
a - Foxfire               Conj/Fire      52%        2x1d6     4%          1
b - Scorch                Fire           32%        2d6       4%          2
c - Conjure Flame         Conj/Fire      13%        6-21      14%         3

Your spell library contained the following spells:

 Spells                   Type           Power      Damage    Failure   Level
 Inner Flame              Hex/Fire       9%         N/A       22%         3
 Flame Wave               Conj/Fire      13%        2d6       41%         4


Dungeon Overview and Level Annotations

Branches:
Dungeon (3/15)

Altars:
Sif Muna

Annotations:
D:3 Terence


Innate Abilities, Weirdness & Mutations

You are immune to sickness and miasma.
Your stone body is resilient. (AC +3)
You are immune to poison.
You resist negative energy. (rN+)
You are resistant to electric shocks. (rElec)
You are resistant to unholy torment.
You are immune to petrification.


Message History

Terence is heavily wounded.
Terence closely misses you.
Casting: Scorch (safe; 4% risk of failure)
Confirm with . or Enter, or press ? or * to list all spells.
You conjure some foxfire!
Terence hits you with a +1 flail of holy wrath.
Casting: Foxfire (safe; 4% risk of failure)
Confirm with . or Enter, or press ? or * to list all spells.
You don't have enough magic to cast this spell.
Unknown command.
The orc is no longer more vulnerable to fire.
The foxfire hits Terence but does no damage.
Terence is heavily wounded.
The foxfire hits Terence but does no damage.
Terence is heavily wounded.
You barely miss Terence.
Terence is heavily wounded.
Terence hits you with a +1 flail of holy wrath!
The orc closely misses you. Terence closely misses you.
The orc closely misses you.
You hit Terence but do no damage.
Terence is heavily wounded.
Terence hits you with a +1 flail of holy wrath.
The orc closely misses you.
You hit Terence but do no damage.
Terence is heavily wounded.
Terence hits you with a +1 flail of holy wrath.
* * * LOW HITPOINT WARNING * * *
The orc closely misses you. Terence barely misses you.
The orc hits you but does no damage.
Casting: Foxfire (safe; 4% risk of failure)
Confirm with . or Enter, or press ? or * to list all spells.
You conjure some foxfire!
Terence hits you but does no damage. The orc hits you but does no damage.
The foxfire hits Terence.
Terence is severely wounded.
The foxfire hits Terence.
Terence is severely wounded.
Terence hits you with a +1 flail of holy wrath!
You die...

#..##########
.............#
............#
...........#
..........#
......... # #.##...
.#.##.#<##.###.#..
.........@........
......####@###.#...
..........o........
....#.#.##o###.....
.### # .... ###
#.).... #.......
#........
#........#


You could see Terence and 2 orcs.

Vanquished Creatures
  2 gnolls (D:2)
  2 worms (D:2)
  2 dart slugs (D:2)
  3 endoplasms (D:2)
  2 giant cockroaches (D:1)
  2 hobgoblins
  9 quokkas
  10 ball pythons
  3 goblins
  4 kobolds
  5 rats
44 creatures vanquished.

Vanquished Creatures (collateral kills)
  7 foxfires (D:2)
7 creatures vanquished.

Vanquished Creatures (others)
  120 foxfires
  46 plants
166 creatures vanquished.

Grand Total: 217 creatures vanquished

Notes
Turn   | Place    | Note
-------+----------+-------------------------------------------
     0 | D:1      | funkygono the Gargoyle Fire Elementalist began the quest
                  | for the Orb.
     0 | D:1      | Reached XP level 1. HP: 10/10 MP: 3/3
   210 | D:1      | Found a faded altar of an unknown god.
   275 | D:1      | Reached XP level 2. HP: 15/15 MP: 3/5
   991 | D:1      | Learned a level 2 spell: Scorch
  1587 | D:2      | Reached XP level 3. HP: 19/19 MP: 1/6
  1591 | D:2      | Learned a level 3 spell: Conjure Flame
  2050 | D:2      | Found a shimmering blue altar of Sif Muna.
  2084 | D:2      | Reached XP level 4. HP: 24/24 MP: 1/7
  2480 | D:2      | Identified the +1 dagger "Inotah" {spect, Int+3}
  2903 | D:3      | Noticed Terence
  2916 | D:3      | Slain by Terence

Illustrated notes

Levels and vault maps discovered:
D:1:      saegor_arrival_simple_e, layout_basic, serial_corexii_hall,
          corexii_hall_statues_x, corexii_hall_statues_t,
          dilly_ecumenical_altar_fadedgnrine, minmay_pentomino_t2
D:2:      wad_woods_stonehenge, layout_basic, minivault_11
D:3:      layout_basic, zin_angel, lemuel_zombie_altar_yredelemnul,
          ebering_dispersal_statue_hall, uniq_terence

Skill      XL: |  1  2  3 |
---------------+----------+-----
Conjurations   | 2 |  2.4
Dodging        | |  1.7
Stealth        | |  2.1
Spellcasting   | |  2.7
Fire Magic     | |  3.9

Action                   |  1- 3 |  4- 6 || total
-------------------------+-------+-------++-------
Melee: Unarmed           |     2 |       ||     2
       Staff             |     9 |       ||     9
       Eveningstar       |     8 |    19 ||    27
 Cast: Foxfire           |    59 |    20 ||    79
       Scorch            |     5 |     9 ||    14
Armor: Robe              |     9 |     7 ||    16
Dodge: Dodged            |    15 |    23 ||    38
